AoeStats
← peterlin

Arena

510485402Analyzed
1v1 RM · 18h ago on Oct 1, 2026· 34m 24s· 2 players
Game mode
Random Map
Map size
Tiny (2 player)
Population
200
Speed
Normal
Resources
Standard
Victory
Conquest
Starting age
Dark Age
Ending age
Imperial Age
RankedLock teamsTeams togetherTeam positionsShared explorationLock speedFull tech treeHidden civsTurbo modeCheats
Victory
Defeat
🇹🇼 Saxons · Taiwan
913
+17
🇨🇳 Khitans · China
942
-17
AMD
13:03 Feudal Age
13:46 Domestication
13:53 Double-Bit Axe
17:12 Castle Age
15:05 Gold Mining
17:14 Stone Mining
16:58 Man-at-Arms
18:09 Bow Saw
17:40 Long Swordsman
18:33 Pastoralism
20:07 Wheelbarrow
19:48 Squires
22:38 Stone Shaft Mining
22:17 Scale Mail Armor
22:31 Forging
28:05 Imperial Age
26:24 Chain Mail Armor
28:32 Fletching
28:11 Two-Handed Swordsman
31:05 Lamellar Armor
31:21 Conscription
31:21 Loom
32:46 Town Watch
34:35 Iron Casting
34:31 Plate Mail Armor
peterlin
9:58 Feudal Age
15:05 Castle Age
13:04 Double-Bit Axe
13:56 Horse Collar
18:48 Wheelbarrow
22:11 Hand Cart
22:57 Heavy Plow
28:43 Imperial Age
26:00 Loom
25:55 Light Cavalry
26:32 Clerical Recruitment
27:46 Bloodlines
27:36 Husbandry
28:22 Bow Saw
28:17 Fletching
31:08 Crop Rotation
32:05 Padded Archer Armor
32:00 Bodkin Arrow
32:16 Forging
32:06 Scale Mail Armor
33:10 Guard Tower
33:42 Ballistics
34:22 Chemistry
33:27 Cranequins
34:12 Bracer
Connection lost

Rejoining the realm…

Still unreachable

The connection could not be restored.

Session expired

The server has moved on; the page needs a fresh start.